 Dungeon Crawl Stone Soup version 0.31.0-32-g396128a36d (webtiles) character file.

Game seed: 2821762330954578304

3780 porpoise the Magician (level 10, 0/111 HPs)
             Began as a Gnoll Alchemist on Apr 3, 2024.
             Was a Follower of Sif Muna.
             Killed by divine providence
             ... invoked by an orc priest
              (10 damage)
             ... on level 9 of the Dungeon.
             The game lasted 00:34:10 (11117 turns).

porpoise the Magician (Gnoll Alchemist)            Turns: 11117, Time: 00:34:12

Health: 0/111      AC: 25    Str:  7    XL:     10   Next: 16%
Magic:  18/20      EV:  2    Int: 18    God:    Sif Muna [*.....]
Gold:   398        SH:  0    Dex: 14    Spells: 7/23 levels left

rFire   . . .        b - +0 orcbow (elec)
rCold   . . .        (shield currently unavailable)
rNeg    + . .        d - melded +0 robe
rPois   +            (helmet currently unavailable)
rElec   .            (cloak currently unavailable)
rCorr   .            f - melded +0 pair of gloves
SInv    .            z - melded +0 pair of boots
Will    +....        g - amulet of the acrobat
Stlth   +++          h - ring of positive energy
HPRegen 0.38/turn    E - ring of willpower
MPRegen 0.17/turn

%: acrobat
@: lethally poisoned (0 -> -2), tree-form, slowed, very slow
A: stationary, stasis, torment immunity, boosted hp, (fangs 1), strong nose,
distributed training
a: Renounce Religion, Channel Magic


You were on level 9 of the Dungeon.
You worshipped Sif Muna.
Sif Muna was aware of your devotion.
You were a tree.
You visited 2 branches of the dungeon, and saw 10 of its levels.

You collected 398 gold pieces.

Inventory:

Hand Weapons
 a - a +2 dagger of venom
 b - a +0 orcbow of electrocution (weapon)
Missiles
 c - 28 poisoned darts
 w - a boomerang
 G - 4 darts of dispersal
 K - a curare-tipped dart
Armour
 d - a +0 robe (melded)
 f - a +0 pair of gloves (melded)
 n - a +0 troll leather armour
 r - an orb of energy
 z - a +0 pair of boots (melded)
 B - the +7 chain mail of Cocytus {rPois Dex+3}
   (You found it on level 5 of the Dungeon)

   Dex+3:     It affects your dexterity (+3).
   rPois:     It protects you from poison
 H - a scarf of shadows
Magical Staves
 y - a staff of conjuration
Jewellery
 g - an amulet of the acrobat (around neck)
 h - a ring of positive energy (left branch)
 E - a ring of willpower (right branch)
Wands
 e - a wand of mindburst (21)
 u - a wand of roots (7)
 A - a wand of flame (7)
Scrolls
 i - a scroll of enchant armour {unknown}
 j - a scroll of brand weapon
 m - 6 scrolls of revelation
 o - a scroll of fear {unknown}
 q - a scroll of summoning {unknown}
 x - a scroll of fog
 C - a scroll of immolation {unknown}
 J - a scroll of vulnerability {unknown}
 L - a scroll of poison {unknown}
 M - a scroll of enchant weapon {unknown}
Potions
 k - 3 potions of haste
 l - a potion of magic
 p - 2 potions of attraction
 s - 2 potions of enlightenment
 t - a potion of brilliance
 D - 2 potions of mutation
 F - 2 potions of might


   Skills:
 + Level 5.2 Fighting
 + Level 5.2 Short Blades
 + Level 5.2 Long Blades
 + Level 5.2 Axes
 + Level 5.2 Maces & Flails
 + Level 5.2 Polearms
 + Level 5.2 Staves
 + Level 5.2 Ranged Weapons
 + Level 5.2 Throwing
 + Level 5.2 Armour
 + Level 7.0 Dodging
 + Level 6.7 Stealth
 + Level 5.2 Shields
 + Level 5.2 Unarmed Combat
 + Level 7.3 Spellcasting
 + Level 4.8 Conjurations
 + Level 4.3 Hexes
 + Level 4.3 Summonings
 + Level 4.3 Necromancy
 + Level 4.3 Translocations
 + Level 4.3 Fire Magic
 + Level 4.3 Ice Magic
 + Level 4.3 Air Magic
 + Level 4.3 Earth Magic
 + Level 7.0 Alchemy
 + Level 5.7 Invocations
 + Level 5.2 Evocations
 + Level 4.7 Shapeshifting


You had 7 spell levels left.
You knew the following spells:

 Your Spells              Type           Power      Damage    Failure   Level
a - Sting                 Conj/Alch      100%       1d9       1%          1
b - Mercury Vapours       Alch/Air       54%        N/A       1%          2
c - Call Imp              Summ           44%        N/A       2%          2
i - Ignite Poison         Fire/Alch      27%        N/A       10%         4
m - Mephitic Cloud        Conj/Alch/Air  26%        N/A       3%          3
o - Olgreb's Toxic Radia  Alch           32%        N/A       6%          4

Your spell library contained the following spells:

 Spells                   Type           Power      Damage    Failure   Level
 Apportation              Tloc           44%        N/A       1%          1
 Necrotise                Necr           88%        1d8       1%          1
 Summon Small Mammal      Summ           88%        N/A       1%          1
 Cigotuvi's Dreadful Rot  Necr/Alch/Air  50%        N/A       1%          2
 Blink                    Tloc           44%        N/A       2%          2
 Lesser Beckoning         Tloc           44%        N/A       2%          2
 Momentum Strike          Conj/Tloc      46%        3d9       2%          2
 Sublimation of Blood     Necr           22%        N/A       2%          2
 Tukima's Dance           Hex            22%        N/A       5%          3
 Sticky Flame             Fire/Alch      27%        2d7       10%         4
 Iskenderun's Mystic Bla  Conj/Tloc      23%        2d6       16%         4
 Dimensional Bullseye     Hex/Tloc       11%        N/A       19%         4
 Freezing Cloud           Conj/Ice/Air   11%        6-21      43%         5
 Ozocubu's Refrigeration  Ice            11%        4d9       100%        7
 Summon Hydra             Summ           11%        N/A       100%        7
 Discord                  Hex            11%        N/A       100%        8
 Chain Lightning          Conj/Air       11%        3d15      100%        9
 Fire Storm               Conj/Fire      11%        8d3       100%        9
 Shatter                  Erth           11%        3d12*     100%        9


Dungeon Overview and Level Annotations

Branches:
Dungeon (9/15)             Temple (1/1) D:7            Lair (0/5) D:8
    Orc: D:9-12

Altars:
Ashenzari
Cheibriados
Dithmenos
Elyvilon
Fedhas
Gozag
Hepliaklqana
Kikubaaqudgha
Makhleb
Nemelex Xobeh
Okawaru
Qazlal
Ru
Sif Muna
Trog
Uskayaw
Vehumet
Wu Jian
Xom
Yredelemnul
Zin
The Shining One

Annotations:
D:3 1 runed translucent door, edwinsage's ghost, amateur TeRe


Innate Abilities, Weirdness & Mutations

You are a tree.
Your roots penetrate the ground, keeping you stationary.
You cannot be teleported.
You are immune to unholy pain and torment.
Your maximum health is greatly increased.
Your equipment is partially melded.
((You have very sharp teeth.))
Your uncanny sense of smell can sniff out nearby items.
Your experience applies equally to all skills.


Message History

Your Dodging skill increases to level 7!
You shoot an arrow. The arrow closely misses the hornet.
The arrow hits the kobold but does no damage.
Lightning courses through the kobold!
You kill the kobold!
Sif Muna accepts your kill. The hornet stings you.
You are poisoned.
You feel as though you will be slow longer.
The hornet stings you!
* * * LOW HITPOINT WARNING * * *
You feel as though you will be slow longer.
The hornet stings you.
* * * LOW HITPOINT WARNING * * *
You feel as though you will be slow longer.
It was a potion of lignification.
You turn into a tree.
Your +0 pair of gloves melds into your body.
Your +0 pair of boots melds into your body.
Your +0 robe melds into your body.
Your roots penetrate the ground.
You feel very sick.
The hornet is no longer weakened.
The hornet stings you but does no damage. x2
You shoot an arrow. The arrow hits the hornet!
Lightning courses through the hornet!!
You kill the hornet!
Sif Muna accepts your kill.
You feel very sick.
An orc priest comes into view. It is wielding a +0 dagger.
Unknown command.
Fire: b) +0 orcbow (elec)
Press: ? - help, Q - select action, (/) - cycle Shift-Dir - straight line, f - orc priest
Aim: an orc priest, wielding a +0 dagger (wandering, hasn't noticed you, 56% to hit)
You shoot an arrow. The orc priest shouts!
The arrow hits the orc priest!
The orc priest is almost dead.
You feel very sick.
The orc priest invokes the aid of Beogh against you.
Beogh smites you!
You die...

. .# .. .... #.#
...)...##..# #..
.K.....##..#### #.#
..............# #.#
...........##.#####.#
.)....##...#.)).♣...# #
......##..^#..###...#####.#
..........o...# ##........#
#.$.....o.## ##..<....#
#....K..### #.#######
...........# #.#
.........#.# #+#
...........# .#.###.###.#


You could see an orc priest.

Vanquished Creatures
  2 hornets
  A troll (D:8)
  Grinder (D:4)
  Sigmund (D:5)
  A steam dragon (D:8)
  Edmund (D:5)
  5 water moccasins
  An orc warrior (D:8)
  An ice beast (D:7)
  3 wolves (D:8)
  2 centaurs
  2 bullfrogs
  2 kobold brigands (D:8)
  3 scorpions
  7 electric eels
  2 orc priests
  4 hounds (D:8)
  5 jellies
  Ijyb (D:4)
  An iguana (D:6)
  3 orc wizards
  3 gnolls (D:2)
  13 adders
  2 shadow imps
  An ufetubus (D:4)
  7 dart slugs
  5 ribbon worms
  13 orcs
  15 ball pythons
  3 bats
  9 endoplasms
  3 giant cockroaches
  4 goblins
  8 hobgoblins
  15 kobolds
  2 quokkas
  11 frilled lizards
  4 rats (D:2)
167 creatures vanquished.

Notes
Turn   | Place    | Note
-------+----------+-------------------------------------------
     0 | D:1      | porpoise the Gnoll Alchemist began the quest for the Orb.
     0 | D:1      | Reached XP level 1. HP: 13/13 MP: 6/6
   160 | D:1      | Reached XP level 2. HP: 13/19 MP: 3/7
   576 | D:1      | Learned a level 2 spell: Mercury Vapours
   751 | D:1      | Reached skill level 5 in Spellcasting
   751 | D:1      | Reached XP level 3. HP: 21/25 MP: 0/9
  1011 | D:1      | Reached skill level 1 in Invocations
  1592 | D:2      | Reached skill level 1 in Fighting
  1592 | D:2      | Reached skill level 1 in Short Blades
  1592 | D:2      | Reached skill level 1 in Long Blades
  1592 | D:2      | Reached skill level 1 in Axes
  1592 | D:2      | Reached skill level 1 in Maces & Flails
  1592 | D:2      | Reached skill level 1 in Polearms
  1592 | D:2      | Reached skill level 1 in Staves
  1592 | D:2      | Reached skill level 1 in Ranged Weapons
  1592 | D:2      | Reached skill level 1 in Throwing
  1592 | D:2      | Reached skill level 1 in Armour
  1592 | D:2      | Reached skill level 1 in Shields
  1592 | D:2      | Reached skill level 1 in Unarmed Combat
  1592 | D:2      | Reached skill level 1 in Evocations
  1810 | D:2      | Reached skill level 1 in Shapeshifting
  1810 | D:2      | Reached XP level 4. HP: 10/32 MP: 11/11
  1821 | D:2      | Reached skill level 1 in Hexes
  1821 | D:2      | Reached skill level 1 in Summonings
  1821 | D:2      | Reached skill level 1 in Necromancy
  1821 | D:2      | Reached skill level 1 in Translocations
  1821 | D:2      | Reached skill level 1 in Fire Magic
  1821 | D:2      | Reached skill level 1 in Ice Magic
  1821 | D:2      | Reached skill level 1 in Air Magic
  1821 | D:2      | Reached skill level 1 in Earth Magic
  2332 | D:2      | Learned a level 2 spell: Call Imp
  2355 | D:2      | Learned a level 4 spell: Ignite Poison
  2360 | D:2      | Learned a level 4 spell: Olgreb's Toxic Radiance
  2376 | D:2      | Reached XP level 5. HP: 37/37 MP: 5/12
  2725 | D:2      | Found an iron altar of Okawaru.
  3112 | D:3      | Found a runed translucent door.
  3262 | D:3      | Found a glowing golden altar of the Shining One.
  3356 | D:3      | Noticed edwinsage's ghost (amateur TeRe)
  3544 | D:3      | Found a stormy altar of Qazlal.
  3754 | D:4      | Noticed Grinder
  3756 | D:4      | Paralysed by Grinder for 2 turns
  3768 | D:4      | Killed Grinder
  3769 | D:4      | Reached skill level 5 in Dodging
  3769 | D:4      | Reached XP level 6. HP: 17/44 MP: 8/14
  4049 | D:4      | Noticed Ijyb
  4061 | D:4      | Killed Ijyb
  4198 | D:4      | Reached XP level 7. HP: 43/51 MP: 15/15
  4584 | D:5      | Entered Level 5 of the Dungeon
  5084 | D:5      | Found a transporter.
  5096 | D:5      | Found a transporter.
  5123 | D:5      | Noticed Edmund
  5137 | D:5      | Killed Edmund
  5138 | D:5      | Reached skill level 5 in Stealth
  5583 | D:5      | Identified the +7 chain mail of Cocytus {rPois Dex+3}
  5979 | D:5      | Noticed Sigmund
  5994 | D:5      | Killed Sigmund
  5995 | D:5      | Reached XP level 8. HP: 48/58 MP: 15/17
  7583 | D:7      | Noticed a hornet
  7590 | D:7      | Killed a hornet
  7591 | D:7      | Reached XP level 9. HP: 14/65 MP: 18/18
  7790 | D:7      | Found a broken altar of Ashenzari.
  8866 | D:7      | Found a staircase to the Ecumenical Temple.
  8875 | Temple   | Entered the Ecumenical Temple
  8885 | Temple   | Became a worshipper of Sif Muna the Loreminder
  9131 | D:8      | Learned a level 3 spell: Mephitic Cloud
  9355 | D:8      | Found a staircase to the Lair.
  9765 | D:8      | Reached skill level 5 in Invocations
 10653 | D:8      | Noticed a troll
 10664 | D:8      | Killed a troll
 10665 | D:8      | Reached skill level 5 in Fighting
 10665 | D:8      | Reached skill level 5 in Short Blades
 10665 | D:8      | Reached skill level 5 in Long Blades
 10665 | D:8      | Reached skill level 5 in Axes
 10665 | D:8      | Reached skill level 5 in Maces & Flails
 10665 | D:8      | Reached skill level 5 in Polearms
 10665 | D:8      | Reached skill level 5 in Staves
 10665 | D:8      | Reached skill level 5 in Ranged Weapons
 10665 | D:8      | Reached skill level 5 in Throwing
 10665 | D:8      | Reached skill level 5 in Armour
 10665 | D:8      | Reached skill level 5 in Shields
 10665 | D:8      | Reached skill level 5 in Unarmed Combat
 10665 | D:8      | Reached skill level 5 in Evocations
 10665 | D:8      | Reached XP level 10. HP: 72/74 MP: 20/20
 11109 | D:9      | Reached * piety under Sif Muna
 11117 | D:9      | Killed from afar by an orc priest

Illustrated notes

Levels and vault maps discovered:
D:1:      grunt_arrival_crossed_arrows, layout_loops_cross
D:2:      kennysheep_six_static_rooms, layout_basic, basic_altar
D:3:      layout_basic, mainiacjoe_overflow_swirl, ebering_ghost_reflecting_pool
D:4:      layout_gridville, st_stairs_6, kennysheep_another_room,
          kennysheep_generic_room_8, uniq_grinder, uniq_ijyb
D:5:      gammafunk_steamed_eel, layout_rooms, sigmund_edmund_badplayer,
          uniq_sigmund
D:6:      layout_basic
D:7:      layout_basic, old_standard_altar, lemuel_temple_firewalk_b
D:8:      layout_loops_ring, erik_lair_island
D:9:      layout_loops_corners, erik_orc_4, uniq_psyche, uniq_maurice
Temple:   hellmonk_temple_of_storms

Skill      XL: |  1  2  3  4  5  6  7  8  9 10 |
---------------+-------------------------------+-----
Conjurations   | 2 3 4 |  4.8
Spellcasting   | 5 6 7 |  7.3
Invocations    | 1 2 3 4 5 |  5.7
Fighting       | 1 2 3 4 5 |  5.2
Short Blades   | 1 2 3 4 5 |  5.2
Long Blades    | 1 2 3 4 5 |  5.2
Axes           | 1 2 3 4 5 |  5.2
Maces & Flails | 1 2 3 4 5 |  5.2
Polearms       | 1 2 3 4 5 |  5.2
Staves         | 1 2 3 4 5 |  5.2
Ranged Weapons | 1 2 3 4 5 |  5.2
Throwing       | 1 2 3 4 5 |  5.2
Armour         | 1 2 3 4 5 |  5.2
Shields        | 1 2 3 4 5 |  5.2
Unarmed Combat | 1 2 3 4 5 |  5.2
Evocations     | 1 2 3 4 5 |  5.2
Shapeshifting  | 1 2 3 4 |  4.7
Hexes          | 1 2 3 4 |  4.3
Summonings     | 1 2 3 4 |  4.3
Necromancy     | 1 2 3 4 |  4.3
Translocations | 1 2 3 4 |  4.3
Fire Magic     | 1 2 3 4 |  4.3
Ice Magic      | 1 2 3 4 |  4.3
Air Magic      | 1 2 3 4 |  4.3
Earth Magic    | 1 2 3 4 |  4.3
Dodging        | 5 6 7 |  7.0
Stealth        | 5 6 |  6.7
Alchemy        | 6 7 |  7.0

Action                     |  1- 3 |  4- 6 |  7- 9 | 10-12 || total
---------------------------+-------+-------+-------+-------++-------
  Melee: Unarmed           |     3 |       |       |       ||     3
         Short sword       |     8 |       |       |       ||     8
         Punch             |     2 |     2 |     2 |       ||     6
         Dagger            |     8 |    93 |   200 |       ||   301
         Bite              |     2 |     4 |    16 |       ||    22
   Fire: Orcbow            |       |       |    43 |    23 ||    66
  Throw: Dart              |       |       |     3 |       ||     3
   Cast: Sting             |    64 |    41 |    71 |     3 ||   179
         Mercury Vapours   |       |     2 |     2 |     1 ||     5
         Call Imp          |       |       |     7 |       ||     7
         Olgreb's Toxic Ra |       |       |     1 |       ||     1
  Evoke: Wand              |       |       |     8 |     2 ||    10
    Use: Scroll            |       |       |    11 |     1 ||    12
         Potion            |       |       |     5 |     2 ||     7
   Stab: Sleeping          |     3 |     8 |     5 |       ||    16
 Armour: Robe              |    11 |    37 |   134 |    11 ||   193
         Skin              |       |       |       |     2 ||     2
  Dodge: Dodged            |    17 |    69 |   150 |    21 ||   257
